 Dungeon Crawl Stone Soup version 0.29-a0-334-gb41bcbb86e (webtiles) character file.

Game seed: 16809524070931793958

15 chopper the Ducker (level 2, -2/17 HPs)
             Began as a Vampire Gladiator on Apr 14, 2022.
             Slain by a gnoll
             ... wielding a +2 spear of venom
              (8 damage)
             ... on level 1 of the Dungeon.
             The game lasted 00:02:54 (403 turns).

chopper the Ducker (Vampire Gladiator)               Turns: 403, Time: 00:02:55

Health: -2/17      AC:  7    Str: 13    XL:     2   Next: 34%
Magic:  2/2        EV: 10    Int: 10    God:
Gold:   27         SH:  0    Dex: 15    Spells: 1/1 levels left

rFire   . . .      SeeInvis +   a - +0 rapier
rCold   + + .      Faith    .   (no shield)
rNeg    + + +      Spirit   .   g - +0 scale mail
rPois   ∞          Reflect  .   h - +0 helmet
rElec   .          Harm     .   (no cloak)
rCorr   .          Rampage  .   (no gloves)
Will    .....                   (no boots)
Stlth   ++........              (no amulet)
HPRegen 0.00/turn               (no ring)
MPRegen 0.08/turn               (no ring)

@: bloodless, inhibited regen
A: bloodless, fangs 3, see invisible, vampiric 1
a: Revivify


You were on level 1 of the Dungeon.
You visited 1 branch of the dungeon, and saw 1 of its levels.

You collected 27 gold pieces.

Inventory:

Hand Weapons
 a - a +0 rapier (weapon)
Missiles
 d - 3 throwing nets (quivered)
 e - a javelin
Armour
 b - a +0 leather armour
 c - a +0 helmet
 g - a +0 scale mail (worn)
 h - a +0 helmet (worn)
Scrolls
 f - 5 scrolls of identify {unknown}
 i - a scroll of teleportation {unknown}


   Skills:
 + Level 2.0 Fighting
 + Level 3.5 Short Blades
 + Level 1.6 Throwing
 + Level 0.2 Armour
 + Level 3.7 Dodging


You had one spell level left.
You didn't know any spells.
Your spell library was empty.

Dungeon Overview and Level Annotations

Branches:
Dungeon (1/15)

Altars:


Innate Abilities, Weirdness & Mutations

You do not regenerate when monsters are visible.
You are frail without blood (-20% HP).
You can heal yourself when you bite living creatures.
You are immune to poison.
You have razor-sharp teeth.
You have supernaturally acute eyesight. (SInv)
You are afflicted with vampirism.


Message History

The kobold completely misses you.
You feel very sick. The kobold hits you but does no damage.
You see here a +0 dagger of venom.
You feel sick. The kobold hits you but does no damage.
You hit the kobold.
You kill the kobold!
You feel sick.
* * * LOW HITPOINT WARNING * * *
You feel sick.
Things that are here:
a +0 short sword; 3 stones; a kobold corpse You feel sick.
You feel sick.
You see here a +0 dagger of venom.
You feel sick.
You feel sick.
You feel sick.
You are no longer poisoned.
You begin bloodletting.
You continue bloodletting. x5
You become bloodless.
You open the door.
There is an open door here.
There is an open door here.
You open the door.
There is an open door here.
You open the door.
A ball python, a gnoll and a frilled lizard come into view.
The gnoll is wielding a +2 spear of venom.
A frilled lizard comes into view.
Found a hunting sling.
There is an open door here.
The helpless frilled lizard fails to defend itself.
You bite the frilled lizard, and draw its blood!
You feel better.
You puncture the frilled lizard!
You kill the frilled lizard!
The gnoll barely misses you.
You see here a frilled lizard corpse.
The gnoll hits you from afar with a +2 spear of venom!
You die...

########.. #.....)...
###....)#...
#.'.....'...
#.#.....#... ##
####.#.....#... #..
#....#.....#...
#...####....#.....#...
#.S..@†'....#.....#.#.
##.....#....#######.#.
#...g)#....# ..#.
+.....#....# #.
#....##....# #.
#...l####### #. #....#
#. #....# #. ##+#.


You could see a gnoll, a ball python (asleep) and a frilled lizard (asleep).

Vanquished Creatures
  An endoplasm (D:1)
  4 giant cockroaches (D:1)
  A quokka (D:1)
  A ball python (D:1)
  A bat (D:1)
  3 frilled lizards (D:1)
  2 kobolds (D:1)
  2 rats (D:1)
15 creatures vanquished.

Notes
Turn   | Place    | Note
-------+----------+-------------------------------------------
     0 | D:1      | chopper the Vampire Gladiator began the quest for the Orb.
     0 | D:1      | Reached XP level 1. HP: 16/16 MP: 1/1
   246 | D:1      | Reached XP level 2. HP: 22/22 MP: 2/2
   403 | D:1      | Slain by a gnoll

Illustrated notes

Levels and vault maps discovered:
D:1:      dpeg_arrival_prison, layout_basic,
          shapermc_ecumenical_altar_flowoftime

Skill      XL: |  1 |
---------------+----+-----
Fighting       | 2 |  2.0
Short Blades   | |  3.5
Throwing       | |  1.6
Armour         | |  0.2
Dodging        | |  3.7

Action                   || total
-------------------------++-------
Melee: Rapier            ||    31
       Bite              ||     6
 Abil: Exsanguinate      ||     1
 Stab: Sleeping          ||     1
Armor: Leather armour    ||     4
       Scale mail        ||    20
Dodge: Dodged            ||    34

Table legend: (Time is in decaauts)
 A = Elapsed time spent in this place.
 B = Non-inter-level travel time spent in this place.
 C = Inter-level travel time spent in this place.
 D = Time resting spent in this place.
 E = Time spent auto-exploring this place.
 F = Levels seen in this place.
 G = Mean time per level.
                   A        B        C        D        E       F      G
               +--------+--------+--------+--------+--------+-----+--------+
         Total |    403 |    403 |      0 |      0 |      0 |   1 |  403.0 |
       Dungeon |    403 |    403 |      0 |      0 |      0 |   1 |  403.0 |
               +--------+--------+--------+--------+--------+-----+--------+

Top non-repeatable levels by time:
     D:1: 403 daAuts
